Map: Kairos Junction LE

Players

KNN - Winner!

  • Race: Terran Terran
  • League: Master
  • Spawn Location: 11:00

Argon

  • Race: Zerg Zerg
  • League: Grandmaster
  • Spawn Location: 5:00

VOD

Have the link to the VOD?

Description

Time

  • Played on: May 31, 2019, 11:30 a.m.
  • Length: 12:02
Show
View Real Time Build Order
Export as new Build Order

KNN Terran - Winner!

Build Orders: Reaper Expand 

Get SALT Encoding   

  12  0:00  SCV  
  13  0:12  SCV  
  14  0:19  Supply Depot  
  14  0:24  SCV  
  15  0:41  SCV  
  15  0:42  Barracks  
  16  0:46  Refinery  
  16  0:53  SCV  
  17  1:05  SCV  
  18  1:17  SCV  
  19  1:30  Reaper, Orbital Command  
  20  1:41  Command Center  
  20  1:54  Supply Depot  
  20  1:58  SCV  
  21  2:02  Marine  
  21  2:09  Factory  
  21  2:13  SCV  
  22  2:20  Supply Depot  
  22  2:21  Marine  
  23  2:25  SCV  
  23  2:29  Refinery  
  23  2:37  SCV  
  23  2:44  Marine  
  23  2:51  SCV  
  23  2:54  Starport  
  23  2:55  Hellion  
  26  3:00  Orbital Command  
  26  3:04  Marine  
  27  3:09  SCV  
  28  3:15  Supply Depot  
  28  3:19  Hellion  
  30  3:22  SCV  
  30  3:25  Marine  
  32  3:27  SCV  
  33  3:34  SCV  
  34  3:41  Refinery  
  34  3:43  Fusion Core  
  34  3:44  SCV  
  34  3:47  SCV  
  36  3:52  Starport  
  36  3:56  SCV  
  36  4:01  SCV, Refinery  
  38  4:07  Starport Tech Lab  
  38  4:08  SCV  
  39  4:13  SCV  
  40  4:20  SCV  
  41  4:25  SCV  
  41  4:30  Battlecruiser  
  48  4:32  SCV  
  48  4:34  Starport Tech Lab  
  48  4:37  SCV  
  50  4:44  SCV  
  51  4:49  SCV  
  51  4:52  Supply Depot  
  52  4:54  Supply Depot  
  52  4:56  SCV  
  53  5:01  SCV  
  54  5:08  Supply Depot  
  54  5:14  SCV, Battlecruiser  
  61  5:20  SCV  
  62  5:26  SCV  
  63  5:33  SCV  
  63  5:34  Battlecruiser  
  70  5:45  SCV  
  68  5:52  Weapon Refit  
  68  5:53  SCV  
  68  5:57  Supply Depot, SCV  
  67  6:00  Command Center  
  68  6:05  SCV  
  68  6:09  SCV  
  70  6:16  Command Center  
  70  6:17  SCV  
  77  6:18  Battlecruiser  
  77  6:23  SCV  
  78  6:26  Engineering Bay  
  78  6:30  Supply Depot  
  78  6:33  SCV  
  85  6:40  Battlecruiser  
  85  6:43  SCV  
  86  6:52  SCV  
  87  6:55  SCV  
  88  7:04  SCV  
  89  7:14  SCV  
  90  7:20  SCV  
  90  7:21  Engineering Bay  
  90  7:22  Battlecruiser  
  97  7:27  SCV  
  95  7:38  SCV  
  95  7:41  SCV  
  95  7:43  Orbital Command  
  103  7:44  Battlecruiser  
  103  7:53  SCV x2  
  103  7:56  Planetary Fortress  
  90  8:05  SCV x2  
  88  8:09  SCV  
  89  8:17  SCV x2  
  91  8:21  SCV  
  91  8:24  Supply Depot  
  91  8:25  Supply Depot  
  91  8:27  Battlecruiser  
  98  8:29  SCV x2  
  98  8:34  SCV  
  101  8:39  SCV  
  101  8:41  SCV x2  
  102  8:46  SCV  
  104  8:51  SCV  
  104  8:53  SCV  
  104  8:54  SCV, Battlecruiser  
  113  8:58  SCV  
  114  9:03  SCV  
  114  9:05  SCV  
  114  9:07  Factory Tech Lab  
  116  9:34  Refinery  
  116  9:35  Missile Turret x2, Refinery  
  116  9:38  SCV x4  
  114  9:50  SCV x2  
  114  9:51  SCV  
  111  9:53  Battlecruiser  
  111  9:54  SCV  
  112  10:02  SCV x2  
  112  10:03  SCV  
  112  10:06  SCV, Missile Turret  
  116  10:16  Missile Turret x2  
  116  10:18  Supply Depot  
  116  10:25  Cyclone  
  123  10:34  Command Center  
  121  10:39  SCV x3, Armory  
  122  10:44  SCV  
  123  10:51  SCV x2  
  123  10:54  Battlecruiser  
  123  10:55  SCV  
  111  10:57  SCV  
  111  11:03  SCV  
  111  11:04  SCV  
  111  11:07  SCV  
  111  11:09  SCV  
  119  11:15  SCV  
  119  11:16  SCV  
  121  11:19  SCV  
  121  11:21  SCV  
  121  11:25  Cyclone  
  126  11:29  SCV x2  
  126  11:30  Factory x2  
  128  11:35  Armory  
  128  11:39  SCV  
  129  11:41  SCV x2  
  129  11:43  SCV  
  129  11:44  Supply Depot  
Show
View Real Time Build Order
Export as new Build Order

Argon Zerg 

Build Orders: Pool First 

Get SALT Encoding   

  12  0:00  Drone  
  13  0:12  Overlord  
  13  0:18  Drone  
  14  0:30  Drone  
  14  0:31  Drone  
  16  0:41  Spawning Pool  
  15  0:45  Drone  
  16  0:51  Drone  
  17  1:12  Hatchery  
  17  1:14  Drone  
  17  1:28  Zergling x4  
  17  1:29  Zergling x2  
  17  1:32  Queen  
  22  1:41  Overlord  
  22  1:42  Extractor  
  21  1:52  Drone  
  22  2:03  Drone  
  23  2:13  Drone  
  23  2:14  Queen  
  26  2:23  Drone  
  26  2:25  Queen  
  26  2:26  Drone  
  30  2:33  Drone  
  30  2:41  Drone x3  
  32  2:46  Drone x2  
  32  2:47  Drone  
  34  2:53  Metabolic Boost  
  34  3:07  Hatchery  
  33  3:13  Overlord  
  33  3:17  Overlord  
  33  3:18  Drone  
  34  3:25  Spore Crawler  
  34  3:26  Drone  
  34  3:27  Drone  
  35  3:35  Queen  
  35  3:39  Queen  
  39  3:43  Drone x2  
  39  3:45  Drone  
  42  3:51  Zergling x4  
  42  3:54  Overlord  
  44  4:20  Drone x4  
  44  4:21  Drone x4  
  44  4:22  Queen  
  54  4:24  Overlord  
  54  4:27  Evolution Chamber  
  54  4:29  Evolution Chamber  
  54  4:31  Drone x2, Baneling Nest  
  53  4:43  Spore Crawler  
  53  4:44  Zergling x6  
  53  4:45  Zergling x2  
  56  4:47  Spore Crawler  
  54  5:03  Drone  
  54  5:04  Extractor, Drone x7  
  54  5:05  Extractor  
  60  5:11  Zerg Melee Weapons Level 1  
  60  5:12  Zerg Ground Armor Level 1  
  60  5:17  Baneling x3  
  60  5:34  Drone x4  
  60  5:35  Drone x2  
  65  5:42  Extractor  
  63  5:52  Drone x3  
  65  6:00  Lair  
  65  6:04  Hatchery  
  65  6:10  Drone  
  65  6:11  Overlord x4  
  65  6:24  Overlord  
  65  6:29  Drone x8  
  65  6:32  Zergling x6  
  76  6:33  Zergling x10  
  76  6:37  Zergling x2  
  82  6:41  Zergling x2  
  83  6:47  Spore Crawler x2  
  83  6:49  Spore Crawler x2  
  73  6:55  Queen x2  
  74  7:05  Spore Crawler  
  68  7:10  Baneling x5  
  68  7:14  Spore Crawler  
  68  7:15  Zergling x20  
  74  7:31  Queen  
  71  7:39  Queen x2  
  71  7:43  Spore Crawler x2  
  71  7:44  Spore Crawler  
  65  7:52  Zergling x2  
  65  7:53  Zergling x24  
  70  8:00  Spire  
  65  8:06  Drone x2  
  66  8:18  Drone x4  
  66  8:19  Drone x3  
  64  8:46  Overlord  
  49  9:11  Corruptor  
  49  9:12  Corruptor x9  
  49  9:16  Drone x2  
  70  9:19  Queen  
  67  9:30  Drone x5  
  67  9:31  Drone  
  69  9:47  Drone x5  
  69  9:48  Drone  
  69  9:52  Evolution Chamber  
  73  9:57  Corruptor  
  76  10:06  Zerg Flyer Weapons Level 1  
  72  10:16  Drone x3  
  72  10:17  Drone  
  72  10:18  Drone x4  
  72  10:20  Extractor  
  72  10:21  Extractor  
  78  10:25  Spawning Pool  
  78  10:27  Corruptor  
  73  10:51  Corruptor x2  
  73  10:55  Drone  
  73  10:56  Drone x7  
  81  10:57  Extractor  
  81  11:04  Corruptor  
  74  11:19  Drone x3  
  74  11:20  Drone x2  
  74  11:21  Spore Crawler  
  74  11:22  Hatchery, Drone x3  
  74  11:23  Drone  
  74  11:25  Spore Crawler  
  80  11:26  Queen  
  80  11:30  Corruptor  
  84  11:42  Infestation Pit  
  84  11:46  Overseer  
Tags
 
Add a new tag
Caveats
  • Supply blocks, unpowered buildings, or Contaminate may cause inaccurate times.
  • Supply counts are checked every 10 seconds.